 Dungeon Crawl Stone Soup version 0.23.2-40-g277498a (webtiles) character file.

Game seed: 8839963803198380763

133326 AgonHex the Marksminotaur (level 16, -8/223 HPs)
             Began as a Minotaur Berserker on Sept 10, 2019.
             Was the Champion of Trog.
             Mangled by a redback (9 damage)
             ... on level 3 of the Spider Nest on Sept 12, 2019.
             The game lasted 02:07:30 (31260 turns).

AgonHex the Marksminotaur (Minotaur Berserker)     Turns: 31260, Time: 02:07:31

Health: -8/223     AC: 26    Str: 37    XL:     16   Next: 59%
Magic:  22/22      EV: 13    Int: 10    God:    Trog [******]
Gold:   1845       SH:  0    Dex: 10    Spells: 15/15 levels left

rFire    + + .     SeeInvis +   a - +9 flail "Gutashoc" {crush, SInv}
rCold    . . .     Gourm    +   (no shield)
rNeg     . . .     Faith    .   h - +7 chain mail "Itowku" {rF+ Str+4 Int+4}
rPois    .         Spirit   .   E - +0 hat of Inaction {MR++ Str-4 Int-2 Slay+4}
rElec    .         Reflect  .   m - scarf {repulsion}
rCorr    .         Harm     .   O - +1 pair of gloves
MR       +++++                  n - +2 pair of boots of Weirdness {rF+ Int+3}
Stlth    ..........             H - amulet of the gourmand
HPRegen  1.47/turn              S - +4 ring of strength
MPRegen  0.18/turn              M - ring of protection from magic

@: berserking, lethally poisoned (-8 -> -130), regenerating, repel missiles,
very quick
A: retaliatory headbutt, horns 2, screaming 1
a: Berserk, Trog's Hand, Brothers in Arms, Renounce Religion


You were on level 3 of the Spider Nest.
You worshipped Trog.
Trog was exalted by your worship.
You were very full.

You visited 4 branches of the dungeon, and saw 26 of its levels.
You visited 1 bazaar.
You also visited: Gauntlet and Volcano.

You collected 3363 gold pieces.
You spent 1518 gold pieces at shops.

Inventory:

Hand Weapons
 a - the +9 flail "Gutashoc" (weapon) {crush, SInv}
   (You bought it in a shop on level 10 of the Dungeon)

   It inflicts extra damage upon your enemies.
   It lets you see invisible.
 b - a +9 longbow of flaming
Missiles
 s - a throwing net (quivered) {=f}
 Q - 791 arrows
Armour
 h - the +7 chain mail "Itowku" (worn) {rF+ Str+4 Int+4}
   (You bought it in a shop on level 2 of the Orcish Mines)

   It affects your strength (+4).
   It affects your intelligence (+4).
   It protects you from fire.
 m - a scarf of repulsion (worn)
 n - the +2 pair of boots of Weirdness (worn) {rF+ Int+3}
   (You bought it in a shop on level 2 of the Orcish Mines)

   It affects your intelligence (+3).
   It protects you from fire.
 E - the +0 hat of Inaction (worn) {MR++ Str-4 Int-2 Slay+4}
   (You found it in a Gauntlet)

   It affects your strength (-4).
   It affects your intelligence (-2).
   It affects your accuracy and damage with ranged weapons and melee attacks
   (+4).
   It affects your resistance to hostile enchantments.
 O - a +1 pair of gloves (worn)
Jewellery
 r - an uncursed ring of flight
 u - an uncursed ring of protection from fire
 F - an uncursed ring of protection from fire
 H - an amulet of the gourmand (around neck)
 I - an uncursed ring of protection from cold
 M - a ring of protection from magic (right hand)
 S - a +4 ring of strength (left hand)
Wands
 d - a wand of disintegration (65)
 l - a wand of enslavement (4)
 q - a wand of iceblast (13)
 w - a wand of polymorph (11)
 C - a wand of acid (24)
 D - a wand of digging (7)
 G - a wand of paralysis (6)
 L - a wand of clouds (5)
Scrolls
 e - 4 scrolls of fear
 f - 3 scrolls of fog
 i - 5 scrolls of identify
 j - 18 scrolls of remove curse
 p - 2 scrolls of magic mapping {!r}
 t - 8 scrolls of teleportation
 B - 4 scrolls of blinking {!r}
 K - a scroll of holy word {!r}
 U - 7 scrolls of immolation {!r}
Potions
 c - 5 potions of heal wounds
 k - 5 potions of brilliance
 v - a potion of magic
 x - 3 potions of agility
 z - 5 potions of mutation {!q}
 P - a potion of haste
 R - 4 potions of invisibility
 T - 4 potions of might
 W - 5 potions of curing
 Y - 2 potions of resistance
Miscellaneous
 g - a fan of gales
 y - a lamp of fire
 X - a sack of spiders
 Z - a phantom mirror
Comestibles
 o - 45 rations


   Skills:
 - Level 15.0 Fighting
 - Level 14.0 Maces & Flails
 * Level 18.8 Bows
 - Level 14.0 Armour
 - Level 8.0 Dodging
 - Level 10.0 Evocations


You had 15 spell levels left.
You didn't know any spells.
Your spell library contained the following spells:

 Spells                   Type           Power        Failure   Level  Hunger
 Corona                   Hex            #......      71%         1    ##.....
 Flame Tongue             Conj/Fire      #....        71%         1    ##.....
 Summon Small Mammal      Summ           #...         71%         1    ##.....
 Call Imp                 Summ           #.......     83%         2    ###....
 Poisonous Vapours        Pois/Air       #.....       83%         2    ###....
 Slow                     Hex            #.......     83%         2    ###....
 Throw Flame              Conj/Fire      #.....       83%         2    ###....
 Call Canine Familiar     Summ           #.......     97%         3    ####...
 Conjure Flame            Conj/Fire      #.......     97%         3    ####...
 Inner Flame              Hex/Fire       #.......     97%         3    ####...
 Mephitic Cloud           Conj/Pois/Air  #.......     97%         3    ####...
 Portal Projectile        Hex/Tloc       #.....       97%         3    ####...
 Summon Guardian Golem    Hex/Summ       #.......     97%         3    ####...
 Cause Fear               Hex            #.........   100%        4    #####..
 Leda's Liquefaction      Hex/Erth       #.........   100%        4    #####..
 Sticky Flame             Conj/Fire      #.......     100%        4    #####..
 Summon Ice Beast         Ice/Summ       #.......     100%        4    #####..
 Summon Lightning Spire   Summ/Air       #.......     100%        4    #####..
 Bolt of Magma            Conj/Fire/Erth #.........   100%        5    ######.
 Fireball                 Conj/Fire      #.........   100%        5    ######.
 Irradiate                Conj/Tmut      #.........   100%        5    ######.
 Silence                  Hex/Air        #.........   100%        5    ######.
 Venom Bolt               Conj/Pois      #.........   100%        5    ######.
 Conjure Ball Lightning   Conj/Air       #.........   100%        6    #######
 Deflect Missiles         Chrm/Air       #.........   100%        6    #######
 Freezing Cloud           Conj/Ice/Air   #.........   100%        6    #######
 Hydra Form               Tmut           #.........   100%        6    #######
 Iron Shot                Conj/Erth      #.........   100%        6    #######
 Statue Form              Tmut/Erth      #........    100%        6    #######
 Dragon Form              Tmut           #.........   100%        7    #######
 Ring of Flames           Chrm/Fire      #.........   100%        7    #######
 Summon Hydra             Summ           #.........   100%        7    #######
 Shatter                  Erth           #.........   100%        9    #######
 Tornado                  Air            #.........   100%        9    #######


Dungeon Overview and Level Annotations

Branches:
Dungeon (15/15)            Temple (0/1) D:6            Lair (6/6) D:10
 Shoals (0/4) Lair:3       Spider (3/4) Lair:4        Slime (0/5) Lair:5
    Orc (2/2) D:9             Elf (0/3) Orc:2        Vaults (0/5) D:14
 Depths (0/5) D:15

Altars:
Fedhas
Gozag
Makhleb
Nemelex Xobeh
Okawaru
Qazlal
Ru
Trog
Uskayaw
Yredelemnul

Shops:
D:10 (   D:13 *}([   Orc:2 :(*[*

Annotations:
D:11 exclusion: 2 statues
D:13 3 runed translucent doors, exclusion: obsidian statue, meepyknight's ghost, journeyman GrFi
D:14 2 transporters, Jivymy's ghost, journeyman DgFi
Lair:1 1 runed translucent door
Lair:4 exclusion: oklob plant
Orc:1 exclusion: 2 downstairs


Innate Abilities, Weirdness & Mutations

You reflexively headbutt those who attack you in melee.
You have a pair of horns on your head.
You occasionally shout uncontrollably at your foes.


Message History

You feel very sick. The redback misses you. You furiously retaliate!
You headbutt the redback!
The wolf spider hits you but does no damage.
The wolf spider bites you!
* * * LOW HITPOINT WARNING * * *
The redback bites you but does no damage.
You take 10 damage, and have 5/223 hp.
You are too berserk!
You barely miss the redback. You headbutt the redback!
You kill the redback!
You feel the effects of Trog's Hand fading.
* * * LOW HITPOINT WARNING * * *
You feel very sick. The jumping spider closely misses you.
The jumping spider bites you but does no damage.
The redback completely misses you.
The wolf spider hits you but does no damage.
The wolf spider bites you but does no damage.
The redback bites you!
You die...

(..^... ....... #(....
.#.(...## ##...# ##.
...^(...#####.....###...
.^.^.(...#..##.....#..^.
.#^...sss....#.....>....
......s@†....##.........
#.....).......#.........
#.............## #..#...
........##.....# #.....#
........#..#..^# #...†..
..#.....####...####.....
. #..^### ##^†..##.....
#..# #..†##...... #^#
##..#†#.^#..


You could see a wolf spider, a jumping spider and 2 redbacks.

Levels and vault maps discovered:
D:1:      zelgadis_glass_arrival_small, layout_loops_cross
D:2:      layout_basic, overflow_temple_1_default, marbit_many_paths,
          first_ration, st_stairs_5
D:3:      layout_basic, chequers_ecumenical_altar_simple_redux, uniq_grinder
D:4:      layout_cave_pools, nicolae_qazlal_style_of_elements
D:5:      layout_layer_cave
D:6:      layout_loops_ring, lightli_temple_of_fire,
          eat_drink_and_be_merry_uskayaw, minmay_temple_entry_glassed_door
D:7:      layout_basic, kennysheep_mini_moat, grunt_ogre_cave,
          uniq_prince_ribbit1, uniq_duvessa
D:8:      layout_basic, uniq_joseph
D:9:      cheibrodos_iron_armory, layout_rooms, lemuel_round_altar,
          lemuel_doored_altar, orc_0_dummy, hangedman_corner_corridor
D:10:     layout_roguey, erik_lair_orcish_takeover, serial_shops, shop
D:11:     layout_cave_pools, minmay_dual_archer_statues, uniq_gastronok,
          uniq_snorg
D:12:     layout_long_grid, basic_altar, kennysheep_cross_bottleneck,
          uniq_frances
D:13:     layout_loops_ring, ebering_ghost_gozag, serial_shops, shop, shop,
          nicolae_shop_statue_plus, nicolae_shop_trees,
          fake_guardian_serpent_vault
D:14:     layout_basic, skrybe_vaults_entry_preservation, gammafunk_ghost_arena,
          serial_co_window_serial, co_window_cross_1, co_window_paths_b,
          co_window_paths_a, co_window_paths_b, co_window_paths_b,
          co_window_corner_cb, co_window_corner_cb, co_window_corner_ca,
          co_window_paths_d, co_window_4corner_a, glass_columns_b,
          glass_columns_b, glass_columns_a, glass_columns_b, glass_columns_c
D:15:     grunt_enter_depths_magical_seal, layout_irregular_city, serial_shops,
          bzr_in_the_mist, hangedman_abyss_or_decor_stagger
Lair:1:   gammafunk_lair_enchanted_lake, layout_gridlike, serial_bayou_shore_b
Lair:2:   layout_misc_corridors
Lair:3:   layout_roguey, minmay_shoals_entry_centaurs, gauntlet_entry_generic
Lair:4:   layout_long_grid, dummy_spider_entry, tgw_fedhas, grunt_megastairs_3
Lair:5:   layout_gridlike, slime_dummy, bobbens_ice_dragon_lair
Lair:6:   gammafunk_lair_ancient_temple, layout_gridlike,
          grunt_forest_small_clearings, st_stairs_5
Spider:1: layout_spider_delve, uniq_aizul, uniq_azrael
Spider:2: layout_chambers
Spider:3: gammafunk_its_a_trap, ebering_ghost_xom, drop_trap, hive_lemuel,
          uniq_jorgrun
Orc:1:    layout_caves, nicolae_volcano_entry_lava_flow
Orc:2:    st_orc_congregation, layout_diamond_mine, serial_shops, shop_statue,
          special_room
Bazaar:   bazaar_short_row
Volcano:  volcano_pools
Gauntlet: gammafunk_gauntlet_one_two_three [nicolae_gauntlet_arena_blocks,
          gammafunk_gauntlet_arena_open, gammafunk_gauntlet_arena_grid,
          nicolae_gauntlet_arena_grate_2, gammafunk_gauntlet_arena_corners,
          gammafunk_gauntlet_arena_spirals, gammafunk_gauntlet_arena_split_x,
          gammafunk_gauntlet_arena_chambers,
          gammafunk_gauntlet_arena_arrow_garden, gauntlet_exit_green]

Notes
Turn   | Place    | Note
-------+----------+-------------------------------------------
     0 | D:1      | AgonHex the Minotaur Berserker began the quest for the Orb.
     0 | D:1      | Reached XP level 1. HP: 19/19 MP: 0/0
   110 | D:1      | Reached skill level 4 in Maces & Flails
   165 | D:1      | Identified a +0 club
   165 | D:1      | Identified a +0 dagger
   173 | D:1      | Reached XP level 2. HP: 15/26 MP: 1/1
   181 | D:1      | Identified an amulet of rage (You found it on level 1 of
                  | the Dungeon)
   883 | D:1      | Identified a ring of intelligence (You found it on level 1
                  | of the Dungeon)
   884 | D:1      | Identified a ring of wizardry (You found it on level 1 of
                  | the Dungeon)
   889 | D:1      | Reached skill level 5 in Maces & Flails
   939 | D:1      | Identified a +0 club
  1009 | D:1      | Reached XP level 3. HP: 17/31 MP: 2/2
  1428 | D:2      | Identified a +0 dagger
  1429 | D:2      | Identified a +0 club
  1436 | D:2      | Reached ** piety under Trog
  1472 | D:2      | Identified a ring of flight (You found it on level 2 of the
                  | Dungeon)
  1514 | D:2      | HP: 7/31 [poisoned by an adder]
  1521 | D:2      | HP: 5/31 [poisoned by an adder]
  1528 | D:2      | HP: 4/31 [poisoned by an adder]
  1530 | D:2      | Identified a +0 short sword
  1534 | D:2      | HP: 3/31 [poisoned by an adder]
  1844 | D:2      | Identified a +0 chain mail (You found it on level 2 of the
                  | Dungeon)
  1874 | D:2      | Found an iron altar of Okawaru.
  1920 | D:2      | Found a stormy altar of Qazlal.
  1948 | D:2      | Identified a +0 dagger
  1985 | D:2      | Reached skill level 6 in Maces & Flails
  1985 | D:2      | Reached XP level 4. HP: 39/39 MP: 3/3
  2009 | D:2      | Identified a cursed -3 club
  2057 | D:2      | Identified a +0 whip
  2329 | D:2      | Identified an uncursed ring of protection from fire
  2349 | D:2      | Identified a +0 club
  2351 | D:2      | Identified a +0 dagger
  2493 | D:2      | Identified a +0 crystal plate armour (You found it on level
                  | 2 of the Dungeon)
  2744 | D:3      | Found a faded altar of an unknown god.
  2767 | D:3      | Identified a +0 war axe
  2767 | D:3      | Identified a +0 scale mail
  2875 | D:3      | Identified a +0 club
  2881 | D:3      | Reached XP level 5. HP: 42/46 MP: 4/4
  2916 | D:3      | Noticed Grinder
  2930 | D:3      | Killed Grinder
  2930 | D:3      | Reached skill level 5 in Fighting
  2930 | D:3      | Reached skill level 7 in Maces & Flails
  2930 | D:3      | Reached skill level 4 in Armour
  2930 | D:3      | Reached XP level 6. HP: 51/56 MP: 5/5
  3022 | D:3      | Identified a +0 dagger of protection
  3040 | D:3      | Identified a +0 cloak (You found it on level 3 of the
                  | Dungeon)
  3258 | D:3      | Identified a +4 dagger of venom
  3258 | D:3      | Identified a +0 chain mail
  3277 | D:3      | Reached *** piety under Trog
  3445 | D:3      | Identified a +0 mace
  3554 | D:4      | Identified a +0 morningstar
  3554 | D:4      | Identified a +0 chain mail
  3554 | D:4      | Noticed an orc warrior
  3554 | D:4      | Identified a +0 dagger
  3554 | D:4      | Identified a +0 robe
  3554 | D:4      | Identified a +0 flail
  3564 | D:4      | HP: 11/56 [orc warrior/+0 morningstar (9)]
  3569 | D:4      | HP: 9/56 [orc warrior/+0 morningstar (3)]
  3570 | D:4      | Killed an orc warrior
  3570 | D:4      | Reached skill level 5 in Armour
  3570 | D:4      | Reached XP level 7. HP: 10/62 MP: 6/6
  3846 | D:4      | Identified a cursed -3 giant spiked club
  3855 | D:4      | Reached skill level 6 in Fighting
  4145 | D:4      | Identified a +4 mace
  4145 | D:4      | Identified a +0 flail
  4145 | D:4      | Identified a +0 mace
  4145 | D:4      | Identified a +0 chain mail
  4147 | D:4      | Identified a +0 dagger
  4147 | D:4      | Identified a +0 mace
  4147 | D:4      | Identified a +0 leather armour
  4301 | D:4      | Noticed a water elemental
  4304 | D:4      | Found a stormy altar of Qazlal.
  4319 | D:4      | Got a pitted ring mail
  4407 | D:4      | Noticed a fire elemental
  4427 | D:4      | Reached skill level 6 in Armour
  4465 | D:4      | Noticed an air elemental
  4585 | D:5      | Entered Level 5 of the Dungeon
  4707 | D:5      | Identified a +1 pair of boots (You found it on level 5 of
                  | the Dungeon)
  4868 | D:5      | Reached skill level 7 in Fighting
  4868 | D:5      | Reached skill level 8 in Maces & Flails
  4868 | D:5      | Reached XP level 8. HP: 62/73 MP: 7/7
  4937 | D:5      | Identified a +0 club
  4937 | D:5      | Identified a +0 leather armour
  4938 | D:5      | Identified a +0 dagger of draining
  4939 | D:5      | Identified a +0 short sword
  4939 | D:5      | Identified a +0 leather armour
  4942 | D:5      | Identified a +0 dagger
  4942 | D:5      | Identified a +0 robe
  4942 | D:5      | Identified a +0 dagger
  5442 | D:6      | Identified 4 scrolls of identify
  5442 | D:6      | Identified a potion of magic
  5443 | D:6      | Identified 4 scrolls of amnesia
  5444 | D:6      | Identified 3 scrolls of remove curse
  5451 | D:6      | Identified a scroll of enchant armour
  5452 | D:6      | Identified a scroll of fog
  5453 | D:6      | Identified 3 scrolls of magic mapping
  5454 | D:6      | Identified a scroll of teleportation
  5457 | D:6      | Identified a scroll of noise
  5458 | D:6      | Identified a scroll of fear
  5459 | D:6      | Identified 3 scrolls of enchant weapon
  5460 | D:6      | Identified 2 scrolls of immolation
  5482 | D:6      | Reached skill level 7 in Armour
  5506 | D:6      | Reached **** piety under Trog
  5511 | D:6      | Found a hide-covered altar of Uskayaw.
  5777 | D:6      | Reached skill level 8 in Fighting
  5787 | D:6      | Identified a +0 giant club
  5789 | D:6      | Identified a +0 giant club
  5862 | D:6      | Identified a +0 shortbow
  5862 | D:6      | Identified a +0 robe
  5872 | D:6      | Reached skill level 8 in Armour
  5947 | D:6      | Found a staircase to the Ecumenical Temple.
  6176 | D:6      | Found a bloodstained altar of Trog.
  6228 | D:6      | Identified the +1 ring mail "Ticegupt" {rElec} (You found
                  | it on level 4 of the Dungeon)
  6258 | D:7      | Identified a +0 dagger
  6258 | D:7      | Identified a +0 robe
  6258 | D:7      | Identified a +0 war axe
  6258 | D:7      | Identified a +0 club
  6258 | D:7      | Identified a +0 leather armour
  6258 | D:7      | Identified a +0 dagger
  6258 | D:7      | Identified a +0 leather armour
  6262 | D:7      | Identified a +0 dagger
  6262 | D:7      | Identified a +0 robe
  6266 | D:7      | Identified a +0 long sword
  6266 | D:7      | Identified a +0 leather armour
  6270 | D:7      | Identified a +0 hand axe
  6272 | D:7      | Identified a +0 dagger
  6279 | D:7      | Reached skill level 9 in Fighting
  6279 | D:7      | Reached XP level 9. HP: 49/83 MP: 8/8
  6497 | D:7      | Identified a +0 giant spiked club
  6499 | D:7      | Reached skill level 9 in Maces & Flails
  6558 | D:7      | Identified a +0 shortbow
  6615 | D:7      | Identified a cursed -1 shortbow
  6615 | D:7      | Identified a +0 leather armour
  6615 | D:7      | Identified a +0 dagger
  6615 | D:7      | Identified a +0 ring mail
  6616 | D:7      | Identified a +0 trident
  6616 | D:7      | Identified a +0 plate armour
  6628 | D:7      | Reached skill level 9 in Armour
  6763 | D:7      | Found a sacrificial altar of Ru.
  6900 | D:8      | Identified a cursed -1 giant spiked club
  6914 | D:8      | Reached skill level 10 in Fighting
  6930 | D:8      | Identified a ring of ice (You found it on level 8 of the
                  | Dungeon)
  6931 | D:8      | Identified a potion of heal wounds
  6941 | D:8      | Identified a +0 giant club
  7108 | D:8      | Identified a +0 quarterstaff
  7108 | D:8      | Identified a +0 hunting sling
  7108 | D:8      | Identified a +0 leather armour
  7108 | D:8      | Noticed Joseph
  7122 | D:8      | Killed Joseph
  7122 | D:8      | Reached skill level 10 in Armour
  7169 | D:8      | Identified a +0 shortbow
  7279 | D:8      | Identified an amulet of the gourmand (You found it on level
                  | 8 of the Dungeon)
  7491 | D:8      | Reached skill level 1 in Evocations
  7667 | D:8      | Identified a +0 hand crossbow
  7667 | D:8      | Identified a +0 dagger
  7667 | D:8      | Identified a +0 club
  7667 | D:8      | Identified a +0 blowgun
  7668 | D:8      | Identified a +0 dagger
  7726 | D:9      | Found a sparkling altar of Nemelex Xobeh.
  7736 | D:9      | Found a staircase to the Orcish Mines.
  7794 | D:9      | Reached XP level 10. HP: 94/94 MP: 8/10
  7802 | D:9      | Reached skill level 11 in Fighting
  7802 | D:9      | Reached skill level 10 in Maces & Flails
  7806 | D:9      | Reached ***** piety under Trog
  7815 | D:9      | Reached skill level 2 in Evocations
  7860 | D:9      | Identified a +0 giant spiked club
  8069 | D:9      | Found a burning altar of Makhleb.
  8134 | D:9      | Identified a +0 shortbow
  8142 | D:9      | Reached skill level 3 in Evocations
  8279 | D:9      | Identified a +0 short sword
  8279 | D:9      | Identified a cursed +0 leather armour
  8279 | D:9      | Identified a +0 flail
  8279 | D:9      | Identified a +0 chain mail
  8287 | D:9      | Reached skill level 12 in Fighting
  8531 | D:10     | Entered Level 10 of the Dungeon
  8532 | D:10     | Identified a +3 dagger of flaming
  8532 | D:10     | Identified a +0 robe
  8532 | D:10     | Identified a +2 short sword of draining
  8533 | D:10     | Identified a +0 long sword
  8533 | D:10     | Identified a +0 plate armour
  8534 | D:10     | Identified a +1 flail of protection
  8534 | D:10     | Identified a +0 leather armour
  8548 | D:10     | Reached skill level 4 in Evocations
  8782 | D:10     | Found a staircase to the Lair.
  8800 | D:10     | Identified a +0 falchion
  8804 | D:10     | Identified a +0 dagger
  8804 | D:10     | Identified a +0 robe
  8804 | D:10     | Identified a +0 club
  8804 | D:10     | Identified a +3 whip of venom
  8929 | D:10     | Reached skill level 11 in Armour
  9000 | D:10     | Identified a +0 club
  9000 | D:10     | Identified a cursed -2 ring mail
  9001 | D:10     | Identified a +0 dagger
  9002 | D:10     | Identified a +0 hand axe
  9002 | D:10     | Identified a +0 ring mail
  9030 | D:10     | Identified a +0 dagger
  9030 | D:10     | Identified a +0 robe
  9153 | D:10     | Identified a +0 long sword
  9153 | D:10     | Identified a +0 shortbow
  9329 | D:10     | Found Bamor's Antique Weapon Emporium.
  9329 | D:10     | Identified 2 scrolls of blinking
  9335 | D:10     | Bought a scorched morningstar for 351 gold pieces
  9335 | D:10     | Identified the cursed +1 morningstar of the Insatiable
                  | Princes {freeze, Str+5} (You bought it in a shop on level
                  | 10 of the Dungeon)
  9388 | D:10     | Identified a +0 dagger
  9388 | D:10     | Identified a +0 blowgun
  9388 | D:10     | Identified a +0 dagger
  9578 | D:10     | Identified a +0 scale mail
  9578 | D:10     | Identified a +0 mace
  9578 | D:10     | Identified a +0 chain mail
  9578 | D:10     | Identified a cursed -1 long sword
  9578 | D:10     | Identified a +0 plate armour
  9586 | D:10     | Reached XP level 11. HP: 105/105 MP: 13/13
  9637 | D:10     | Identified a +0 giant club
  9764 | D:10     | Reached skill level 5 in Evocations
  9998 | D:11     | Identified a cursed -1 giant spiked club
 10003 | D:11     | Reached skill level 13 in Fighting
 10033 | D:11     | Identified a +0 shortbow
 10044 | D:11     | Received a gift from Trog
 10111 | D:11     | Identified a +1 pair of gloves (You found it on level 10 of
                  | the Dungeon)
 10123 | D:11     | Noticed a brown ugly thing
 10126 | D:11     | Identified a +0 giant club
 10133 | D:11     | Killed a brown ugly thing
 10135 | D:11     | Identified a +0 falchion
 10135 | D:11     | Identified a +0 leather armour
 10202 | D:11     | Identified a +0 giant club
 10212 | D:11     | Noticed Snorg
 10222 | D:11     | Killed Snorg
 10531 | D:11     | Identified a +0 war axe
 10532 | D:11     | Identified a +0 mace
 10532 | D:11     | Identified a +0 plate armour
 10577 | D:11     | Identified a +0 hat
 10577 | D:11     | Noticed Gastronok
 10577 | D:11     | Identified a +0 giant club
 10577 | D:11     | Identified a cursed -2 giant club
 10577 | D:11     | Noticed a two-headed ogre
 10587 | D:11     | Killed a two-headed ogre
 10587 | D:11     | Reached skill level 14 in Fighting
 10587 | D:11     | Reached skill level 6 in Evocations
 10601 | D:11     | Killed Gastronok
 10601 | D:11     | Reached skill level 12 in Armour
 10721 | D:11     | Identified a +0 dagger
 10721 | D:11     | Identified a +0 dagger
 10721 | D:11     | Identified a +0 robe
 10722 | D:11     | Identified a +0 chain mail
 10725 | D:11     | Noticed a four-headed hydra
 10733 | D:11     | Killed a four-headed hydra
 10834 | D:11     | Identified a +0 mace
 10946 | D:11     | Identified a +0 longbow
 10946 | D:11     | Noticed an archer statue
 10952 | D:11     | Identified a +3 antimagic great mace (Trog gifted it to you
                  | on level 11 of the Dungeon)
 11051 | D:11     | Identified a +0 longbow
 11051 | D:11     | Noticed an archer statue
 11157 | D:12     | Identified a +0 giant club
 11275 | D:12     | Identified a +1 short sword of venom
 11275 | D:12     | Identified a +0 chain mail
 11275 | D:12     | Noticed Frances
 11291 | D:12     | Killed Frances
 11291 | D:12     | Reached XP level 12. HP: 89/117 MP: 5/16
 11489 | D:12     | Noticed an eight-headed hydra
 11491 | D:12     | Identified a +0 giant spiked club
 11494 | D:12     | Identified a +0 dagger
 11494 | D:12     | Identified a +0 blowgun
 11495 | D:12     | Killed an eight-headed hydra
 11495 | D:12     | Reached skill level 7 in Evocations
 11499 | D:12     | Identified a +0 ring mail
 11500 | D:12     | Identified a +0 longbow
 11500 | D:12     | Noticed a centaur warrior
 11500 | D:12     | Identified a +0 dagger
 11500 | D:12     | Identified a +0 robe
 11500 | D:12     | Identified a +0 club
 11503 | D:12     | Reached skill level 15 in Fighting
 11527 | D:12     | Identified a +0 troll leather armour
 11533 | D:12     | Killed a centaur warrior
 11533 | D:12     | Reached skill level 11 in Maces & Flails
 11813 | D:12     | Found a basalt altar of Yredelemnul.
 11820 | D:12     | Identified a +0 mace
 12119 | D:12     | Reached skill level 1 in Bows
 12321 | D:12     | Reached skill level 2 in Bows
 12391 | D:13     | Identified a +0 giant spiked club
 12401 | D:13     | Identified a +0 troll leather armour
 12464 | Lair:1   | Entered Level 1 of the Lair of Beasts
 12518 | Lair:1   | Reached skill level 13 in Armour
 12521 | Lair:1   | Reached skill level 3 in Bows
 12794 | Lair:1   | Found a runed translucent door.
 13054 | Lair:1   | Reached skill level 12 in Maces & Flails
 13054 | Lair:1   | Reached skill level 4 in Bows
 13712 | D:10     | Bought a transparent flail for 331 gold pieces
 13712 | D:10     | Identified the +9 flail "Gutashoc" {crush, SInv} (You
                  | bought it in a shop on level 10 of the Dungeon)
 14080 | Lair:2   | Identified a scroll of random uselessness
 14081 | Lair:2   | Identified a scroll of vulnerability
 14091 | Lair:2   | Reached skill level 5 in Bows
 14220 | Lair:2   | Identified the Grimoire of the Four Beds
 14477 | Lair:2   | Noticed a death yak
 14477 | Lair:2   | Noticed a death yak
 14485 | Lair:2   | Noticed a death yak
 14533 | Lair:1   | Killed a death yak
 14755 | Lair:2   | Killed a death yak
 14764 | Lair:2   | Killed a death yak
 14986 | Lair:3   | Reached XP level 13. HP: 123/126 MP: 17/17
 15022 | Lair:3   | Reached skill level 6 in Bows
 15100 | Lair:3   | Found a gate leading to a gauntlet.
 15110 | Gauntlet | Entered a Gauntlet
 15110 | Gauntlet | Found a transporter.
 15151 | Gauntlet | Found a transporter.
 15166 | Gauntlet | Found a transporter.
 15171 | Gauntlet | Found a transporter.
 15186 | Gauntlet | Identified a +0 dagger
 15186 | Gauntlet | Identified a +0 robe
 15186 | Gauntlet | Identified the ring of Otwewkeeph {rElec rN+ Dex+2 SInv}
 15187 | Gauntlet | Identified a +0 dagger
 15187 | Gauntlet | Identified a +0 robe
 15192 | Gauntlet | Found a transporter.
 15205 | Gauntlet | Found a transporter.
 15205 | Gauntlet | Identified a +2 scythe of protection
 15205 | Gauntlet | Noticed a reaper
 15214 | Gauntlet | Found a transporter.
 15229 | Gauntlet | Found a transporter.
 15229 | Gauntlet | Identified a +2 scythe of slicing
 15229 | Gauntlet | Noticed a reaper
 15241 | Gauntlet | Found a transporter.
 15253 | Gauntlet | Found a transporter.
 15260 | Gauntlet | Found a transporter.
 15260 | Gauntlet | Found a transporter.
 15302 | Gauntlet | Found a transporter.
 15330 | Gauntlet | Found a transporter.
 15330 | Gauntlet | Found a transporter.
 15352 | Gauntlet | Found a transporter.
 15432 | Gauntlet | Found a transporter.
 15458 | Gauntlet | Found a transporter.
 15611 | Gauntlet | Identified an amulet of the acrobat (You found it on level
                  | 9 of the Dungeon)
 15612 | Gauntlet | Identified a ring of protection from cold (You found it on
                  | level 1 of the Lair of Beasts)
 15613 | Gauntlet | Identified a ring of strength (You found it on level 11 of
                  | the Dungeon)
 15614 | Gauntlet | Identified a ring of magical power (You found it on level 9
                  | of the Dungeon)
 15615 | Gauntlet | Identified a ring of positive energy (You found it on level
                  | 10 of the Dungeon)
 15647 | Gauntlet | Reached skill level 13 in Maces & Flails
 15656 | Gauntlet | Got a transparent ring mail
 15673 | Gauntlet | Identified the +3 ring mail "Kopeinor" {rN+} (You found it
                  | in a Gauntlet)
 15724 | Gauntlet | Killed a reaper
 15724 | Gauntlet | Received a gift from Trog
 15736 | Gauntlet | Reached skill level 7 in Bows
 15748 | Gauntlet | Got a faintly glowing hat
 15760 | Gauntlet | Identified the +0 hat of Inaction {MR++ Str-4 Int-2 Slay+4}
                  | (You found it in a Gauntlet)
 15815 | Gauntlet | Identified a +0 chain mail
 15815 | Gauntlet | Noticed a minotaur
 15824 | Gauntlet | Killed a minotaur
 15833 | Gauntlet | Got a slimy short sword
 15833 | Gauntlet | Got a bloodstained robe
 15845 | Gauntlet | Identified a +2 pair of boots (You found it in a Gauntlet)
 15856 | Gauntlet | Identified the +2 robe of the Saviour {rF++ SInv} (You
                  | found it in a Gauntlet)
 15867 | Gauntlet | Identified the +6 short sword "Usomao" {drain, rElec rN+
                  | Str+3 Dex+4} (You found it in a Gauntlet)
 16179 | Lair:3   | Identified a +0 hand axe
 16179 | Lair:3   | Identified a +0 shortbow
 16180 | Lair:3   | Identified a +0 shortbow
 16185 | Lair:3   | Identified a +0 shortbow
 16203 | Lair:3   | Found a staircase to the Shoals.
 16301 | Lair:3   | Identified a cursed -2 scimitar
 16301 | Lair:3   | Identified a +0 shortbow
 16652 | Lair:3   | Identified 2 scrolls of holy word
 16767 | Lair:4   | Reached skill level 8 in Bows
 16893 | Lair:4   | Reached skill level 14 in Armour
 17090 | Lair:4   | Found a blossoming altar of Fedhas.
 17409 | Lair:4   | Found a hole to the Spider Nest.
 17447 | Lair:4   | Reached skill level 14 in Maces & Flails
 17713 | Lair:4   | Identified a scroll of torment
 17949 | Lair:5   | Reached skill level 9 in Bows
 18258 | Lair:5   | Reached ****** piety under Trog
 18258 | Lair:5   | Received a gift from Trog
 18259 | Lair:5   | Reached skill level 10 in Bows
 18266 | Lair:5   | Identified a +1 longbow of flaming (Trog gifted it to you
                  | on level 5 of the Lair of Beasts)
 18560 | Lair:5   | Identified +0 ice dragon scales
 18806 | Lair:5   | Found a staircase to the Slime Pits.
 19195 | Lair:6   | Entered Level 6 of the Lair of Beasts
 19213 | Lair:5   | Identified a +0 giant club
 19213 | Lair:5   | Identified a +0 giant club
 19214 | Lair:5   | HP: 46/189 [wyvern (8)]
 19218 | Lair:5   | Reached skill level 11 in Bows
 19219 | Lair:5   | Reached XP level 14. HP: 30/135 MP: 18/18
 19219 | Lair:5   | HP: 30/202 [poisoned by a spiny frog]
 19224 | Lair:5   | HP: 23/202 [wyvern (5)]
 19229 | Lair:5   | HP: 24/202 [poisoned by a spiny frog]
 19234 | Lair:5   | HP: 19/135 [poisoned by a spiny frog]
 19239 | Lair:5   | HP: 25/135 [poisoned by a spiny frog]
 19244 | Lair:5   | HP: 33/135 [poisoned by a spiny frog]
 19850 | Lair:6   | Identified a potion of might
 19851 | Lair:6   | Identified a potion of lignification
 19852 | Lair:6   | Identified a potion of invisibility
 19853 | Lair:6   | Identified 3 potions of brilliance
 19857 | Lair:6   | Identified 5 potions of degeneration
 19858 | Lair:6   | Identified 3 potions of agility
 20015 | Lair:6   | Reached skill level 12 in Bows
 20155 | Lair:6   | Reached skill level 8 in Evocations
 20246 | Lair:6   | Received a gift from Trog
 20531 | Lair:6   | Got a slimy hand axe
 20636 | Lair:6   | Identified a ring of protection from magic (You found it on
                  | level 6 of the Lair of Beasts)
 20884 | Lair:6   | Reached skill level 13 in Bows
 20995 | Lair:6   | Received a gift from Trog
 21460 | Orc:1    | Entered Level 1 of the Orcish Mines
 21516 | Orc:1    | Identified a +0 giant club
 21535 | Orc:1    | Identified a +0 short sword
 21538 | Orc:1    | Found a dark tunnel.
 21540 | Orc:1    | Identified a +0 dagger
 21540 | Orc:1    | Identified a cursed +0 ring mail
 21542 | Volcano  | Entered a volcano
 21570 | Volcano  | Identified the cursed +3 hand axe of Joppasho {chop, rC++
                  | Str+3 Dex+2 Stlth-} (You found it on level 6 of the Lair of
                  | Beasts)
 21572 | Volcano  | Identified a +0 great mace of flaming
 21572 | Volcano  | Identified a +0 great mace of flaming
 21610 | Volcano  | Identified a +1 whip of flaming
 21610 | Volcano  | Identified a +1 robe of fire resistance
 21615 | Volcano  | Identified a +2 great mace of flaming
 21615 | Volcano  | Identified a +0 great mace of flaming
 21617 | Volcano  | Identified a +0 great mace of flaming
 21617 | Volcano  | Identified a +0 giant club of flaming
 21624 | Volcano  | Reached skill level 9 in Evocations
 21732 | Volcano  | Identified a +2 great mace of flaming
 21732 | Volcano  | Identified a +0 giant club of flaming
 21733 | Volcano  | Identified a +1 broad axe of flaming
 21733 | Volcano  | Identified a +0 cloak
 21737 | Volcano  | Identified a +2 glaive of flaming
 21915 | Orc:1    | Identified a +0 short sword
 21915 | Orc:1    | Identified a +0 chain mail
 21915 | Orc:1    | Identified a +0 short sword
 21915 | Orc:1    | Identified a +0 leather armour
 21915 | Orc:1    | Identified a +0 ring mail
 21957 | Orc:1    | Identified a +0 dagger
 21957 | Orc:1    | Identified a +0 leather armour
 21957 | Orc:1    | Identified a +0 flail
 21957 | Orc:1    | Identified a +0 leather armour
 21960 | Orc:1    | Received a gift from Trog
 21960 | Orc:1    | Identified a +0 hand axe
 21960 | Orc:1    | Identified a +0 chain mail
 21965 | Orc:1    | Identified a +0 dagger
 21965 | Orc:1    | Identified a +0 robe
 22024 | Orc:1    | Identified a +0 dagger
 22024 | Orc:1    | Identified a +0 robe
 22132 | Orc:1    | Identified a +0 giant spiked club
 22138 | Orc:1    | Identified a cursed -3 giant club
 22139 | Orc:1    | Identified a +0 whip
 22141 | Orc:1    | Identified a +0 trident
 22142 | Orc:1    | Identified a +0 short sword
 22142 | Orc:1    | Identified a +0 chain mail
 22145 | Orc:1    | Identified a +2 eveningstar of flaming (You found it in a
                  | volcano)
 22149 | Orc:1    | Identified a cursed -3 giant club
 22298 | Orc:2    | Entered Level 2 of the Orcish Mines
 22298 | Orc:2    | Identified a +0 club
 22298 | Orc:2    | Identified a +0 long sword
 22298 | Orc:2    | Identified a +0 chain mail
 22298 | Orc:2    | Identified a +0 dagger
 22298 | Orc:2    | Identified a +0 robe
 22299 | Orc:2    | Identified a +0 great sword
 22299 | Orc:2    | Identified a +0 plate armour
 22299 | Orc:2    | Identified a +0 club
 22300 | Orc:2    | Identified a +0 dagger
 22300 | Orc:2    | Identified a +0 robe
 22301 | Orc:2    | Identified a +0 dagger
 22301 | Orc:2    | Identified a +0 robe
 22302 | Orc:2    | Identified a +0 dagger
 22308 | Orc:2    | Identified a +1 dire flail of protection
 22308 | Orc:2    | Identified a +0 plate armour
 22308 | Orc:2    | Identified a +0 great mace
 22308 | Orc:2    | Identified a +0 chain mail
 22308 | Orc:2    | Identified a +0 hand axe
 22308 | Orc:2    | Identified a +0 war axe
 22308 | Orc:2    | Identified a +0 hand axe
 22308 | Orc:2    | Identified a +0 leather armour
 22330 | Orc:2    | Identified a +0 dagger
 22330 | Orc:2    | Identified a +0 scale mail
 22330 | Orc:2    | Identified a +0 flail
 22330 | Orc:2    | Identified a +0 plate armour
 22330 | Orc:2    | Identified a +0 dagger
 22330 | Orc:2    | Identified a cursed -1 robe
 22361 | Orc:2    | Found Agips's General Store.
 22365 | Orc:2    | Reached skill level 14 in Bows
 22511 | Orc:2    | Identified a +0 scimitar
 22511 | Orc:2    | Identified a +0 chain mail
 22521 | Orc:2    | Identified a +0 hand axe
 22532 | Orc:2    | Received a gift from Trog
 22533 | Orc:2    | Identified a +0 trident
 22533 | Orc:2    | Identified a +0 ring mail
 22608 | Orc:2    | Identified a +0 broad axe
 22608 | Orc:2    | Identified a +0 plate armour
 22613 | Orc:2    | Identified a +0 short sword
 22613 | Orc:2    | Identified a +0 leather armour
 22620 | Orc:2    | Identified a +0 dagger
 22620 | Orc:2    | Identified a +0 robe
 22639 | Orc:2    | Found a staircase to the Elven Halls.
 22703 | Orc:2    | Identified a +0 halberd
 22703 | Orc:2    | Identified a +0 chain mail
 22705 | Orc:2    | Identified a +0 dagger
 22705 | Orc:2    | Identified a +0 robe
 22705 | Orc:2    | Identified a +0 mace
 22705 | Orc:2    | Identified a +0 leather armour
 22783 | Orc:2    | Identified a +0 dagger
 22783 | Orc:2    | Identified a +2 robe of magic resistance
 22783 | Orc:2    | Identified a +0 battleaxe
 22783 | Orc:2    | Identified a +0 plate armour
 22785 | Orc:2    | Identified a +0 long sword
 22785 | Orc:2    | Identified a +0 plate armour
 22785 | Orc:2    | Noticed an orc warlord
 22786 | Orc:2    | Identified a +0 halberd
 22786 | Orc:2    | Identified a cursed +0 plate armour
 22788 | Orc:2    | Identified a +0 long sword
 22788 | Orc:2    | Identified a +0 chain mail
 22789 | Orc:2    | Identified a +0 dagger
 22789 | Orc:2    | Identified a +0 robe
 22789 | Orc:2    | Identified a +0 flail
 22792 | Orc:2    | Identified a +0 long sword
 22792 | Orc:2    | Identified a +0 chain mail
 22794 | Orc:2    | Identified a +0 dagger
 22794 | Orc:2    | Identified a +0 robe
 22794 | Orc:2    | Identified a +0 dagger
 22794 | Orc:2    | Identified a +0 robe
 22797 | Orc:2    | Killed an orc warlord
 22797 | Orc:2    | Identified a +0 club
 22797 | Orc:2    | Identified a cursed +0 ring mail
 22799 | Orc:2    | Identified a +0 battleaxe
 22799 | Orc:2    | Identified a +0 plate armour
 22818 | Orc:2    | Reached XP level 15. HP: 89/141 MP: 21/21
 22942 | Orc:2    | Identified a +0 club
 22942 | Orc:2    | Identified a +0 leather armour
 22944 | Orc:2    | Identified a +0 dagger
 22944 | Orc:2    | Identified a +0 dagger
 22945 | Orc:2    | Identified a +0 hand axe
 22945 | Orc:2    | Identified a +0 plate armour
 22945 | Orc:2    | Identified a +0 leather armour
 22945 | Orc:2    | Identified a +0 mace
 22945 | Orc:2    | Identified a +0 chain mail
 22946 | Orc:2    | Identified a cursed -2 whip
 22946 | Orc:2    | Identified a +0 dagger
 22946 | Orc:2    | Identified a +0 hand axe
 22946 | Orc:2    | Identified a +0 plate armour
 22946 | Orc:2    | Identified a +0 dire flail
 22946 | Orc:2    | Identified a +0 chain mail
 22947 | Orc:2    | Identified a +0 dire flail
 22947 | Orc:2    | Identified a +0 chain mail
 22947 | Orc:2    | Identified a +0 short sword
 22947 | Orc:2    | Identified a +0 scale mail
 22948 | Orc:2    | Identified a +0 mace
 22951 | Orc:2    | Identified a +0 flail
 22951 | Orc:2    | Identified a +0 plate armour
 22952 | Orc:2    | Identified a +1 glaive of venom
 22952 | Orc:2    | Identified a +0 chain mail
 22954 | Orc:2    | Identified a +0 dagger
 22956 | Orc:2    | Identified a +0 leather armour
 22961 | Orc:2    | Identified a +0 dire flail
 22961 | Orc:2    | Identified a +0 plate armour
 22961 | Orc:2    | Identified a +0 war axe of chopping
 22963 | Orc:2    | Identified a +0 scimitar of slicing
 22963 | Orc:2    | Identified a +0 chain mail
 22965 | Orc:2    | Identified a +0 dagger
 22965 | Orc:2    | Identified a +0 robe
 22967 | Orc:2    | Identified a +0 dagger
 22967 | Orc:2    | Identified a +0 robe
 22970 | Orc:2    | Identified a +0 dagger
 22970 | Orc:2    | Identified a +0 robe
 22972 | Orc:2    | Identified a +0 flail
 23314 | Orc:2    | Identified a +0 leather armour
 23316 | Orc:2    | Received a gift from Trog
 23317 | Orc:2    | Identified a +0 hand axe
 23319 | Orc:2    | Identified a +1 longbow of flaming (Trog gifted it to you
                  | on level 2 of the Orcish Mines)
 23322 | Orc:2    | Identified a +0 mace
 23322 | Orc:2    | Identified a +0 leather armour
 23338 | Orc:2    | Identified a +6 glaive
 23338 | Orc:2    | Identified a +0 plate armour
 23342 | Orc:2    | Identified a +0 war axe
 23342 | Orc:2    | Identified a +0 plate armour
 23348 | Orc:2    | Identified a +0 club
 23348 | Orc:2    | Identified a +0 leather armour
 23348 | Orc:2    | Identified a +0 hand axe
 23348 | Orc:2    | Identified a +0 leather armour
 23349 | Orc:2    | Identified a +0 dagger
 23349 | Orc:2    | Identified a +0 robe
 23352 | Orc:2    | Identified a +0 dagger
 23352 | Orc:2    | Identified a +0 robe
 23353 | Orc:2    | Identified a +1 great mace of holy wrath
 23353 | Orc:2    | Identified a +0 plate armour
 23355 | Orc:2    | Identified a +0 hand axe
 23356 | Orc:2    | Identified a +0 dagger
 23356 | Orc:2    | Identified a cursed +0 robe
 23359 | Orc:2    | Identified a +0 dagger
 23361 | Orc:2    | Identified a +0 club
 23361 | Orc:2    | Identified a +0 leather armour
 23361 | Orc:2    | Identified a +0 dagger
 23361 | Orc:2    | Identified a +0 scale mail
 23362 | Orc:2    | Identified a cursed +0 great sword
 23362 | Orc:2    | Identified a +0 chain mail
 23364 | Orc:2    | Identified a +0 dagger
 23364 | Orc:2    | Identified a +0 robe
 23365 | Orc:2    | Identified a +0 hand axe
 23365 | Orc:2    | Identified a +0 scale mail
 23365 | Orc:2    | Identified a +0 hand axe
 23369 | Orc:2    | Identified a +0 trident
 23373 | Orc:2    | Identified a +0 long sword
 23373 | Orc:2    | Identified a +0 plate armour
 23373 | Orc:2    | Identified a +0 shield
 23373 | Orc:2    | Noticed an orc warlord
 23375 | Orc:2    | Identified a +0 hand axe
 23375 | Orc:2    | Identified a +0 leather armour
 23379 | Orc:2    | Gained mutation: You occasionally shout uncontrollably at
                  | your foes. [a neqoxec]
 23594 | Orc:2    | Identified a +0 battleaxe
 23594 | Orc:2    | Identified a +0 chain mail
 23625 | Orc:2    | Killed an orc warlord
 23798 | Orc:2    | Identified a +0 short sword
 23798 | Orc:2    | Identified a +0 plate armour
 23808 | Orc:2    | Identified a +0 hand axe
 23808 | Orc:2    | Identified a +0 ring mail
 23809 | Orc:2    | Identified a +0 ring mail
 23813 | Orc:2    | Identified a +0 whip
 23833 | Orc:2    | Identified a +0 mace
 23833 | Orc:2    | Identified a +0 ring mail
 23835 | Orc:2    | Identified a +0 dagger
 23835 | Orc:2    | Identified a +0 robe
 23843 | Orc:2    | Identified a +3 halberd
 23843 | Orc:2    | Identified a +0 chain mail
 23847 | Orc:2    | Reached skill level 15 in Bows
 23847 | Orc:2    | Identified a +0 dagger
 23847 | Orc:2    | Identified a +0 robe
 23851 | Orc:2    | Identified a +0 dagger
 23855 | Orc:2    | Identified a +0 dagger
 23855 | Orc:2    | Identified a +0 robe
 23855 | Orc:2    | Identified a +0 dagger
 23855 | Orc:2    | Identified a +0 robe
 23857 | Orc:2    | Identified a +0 flail of crushing
 23859 | Orc:2    | Identified a +0 dagger
 23859 | Orc:2    | Identified a +0 robe
 23864 | Orc:2    | Identified a +0 war axe
 23864 | Orc:2    | Identified a +0 plate armour
 23869 | Orc:2    | Identified a +0 short sword
 23871 | Orc:2    | Identified a +1 hand axe of electrocution
 23871 | Orc:2    | Identified a cursed +0 leather armour
 23886 | Orc:2    | Identified a +0 whip
 23891 | Orc:2    | Identified a +0 hand axe
 23891 | Orc:2    | Identified a cursed +0 plate armour
 23896 | Orc:2    | Identified a cursed +0 chain mail
 23900 | Orc:2    | Identified a cursed -1 battleaxe
 23900 | Orc:2    | Identified a +0 chain mail
 23903 | Orc:2    | Identified a +0 glaive
 23903 | Orc:2    | Identified a +0 plate armour
 23906 | Orc:2    | Identified a +0 dagger
 23906 | Orc:2    | Identified a +0 robe
 23908 | Orc:2    | Reached skill level 10 in Evocations
 23912 | Orc:2    | Identified a +0 short sword
 23912 | Orc:2    | Identified a +0 chain mail
 23915 | Orc:2    | Identified a +0 long sword
 23915 | Orc:2    | Identified a +0 plate armour
 24064 | Orc:2    | Identified a +0 club
 24064 | Orc:2    | Identified a +0 chain mail
 24064 | Orc:2    | Identified a +0 short sword
 24084 | Orc:2    | Found Mepourow's Antique Armour Shop.
 24085 | Orc:2    | Found Rouhyri's Antique Weapon Shop.
 24086 | Orc:2    | Found Antak's General Store.
 24086 | Orc:2    | Found Estim's Book Boutique.
 24100 | Orc:2    | Bought a pair of twisted boots for 294 gold pieces
 24111 | Orc:2    | Identified the +2 pair of boots of Weirdness {rF+ Int+3}
                  | (You bought it in a shop on level 2 of the Orcish Mines)
 24113 | Orc:2    | Bought a shimmering chain mail for 294 gold pieces
 24123 | Orc:2    | Identified the +7 chain mail "Itowku" {rF+ Str+4 Int+4}
                  | (You bought it in a shop on level 2 of the Orcish Mines)
 24123 | Orc:2    | Bought a glowing scarf for 248 gold pieces
 24133 | Orc:2    | Identified a scarf of repulsion (You bought it in a shop on
                  | level 2 of the Orcish Mines)
 24313 | D:13     | Identified a +0 giant club
 24313 | D:13     | Identified a +0 giant club
 24321 | D:13     | Identified a +0 short sword
 24321 | D:13     | Identified a +0 chain mail
 24325 | D:13     | Identified a +0 dagger
 24325 | D:13     | Identified a +0 leather armour
 24331 | D:13     | Identified a +0 mace
 24334 | D:13     | Identified a +0 mace
 24334 | D:13     | Identified a +0 leather armour
 24342 | D:13     | Found Umot's Weapon Boutique.
 24413 | D:13     | Found Taadun's Armour Shoppe.
 24457 | D:13     | Identified a +0 dagger
 24457 | D:13     | Identified a +0 robe
 24457 | D:13     | Identified a +0 club
 24458 | D:13     | Identified a +0 war axe
 24458 | D:13     | Identified a cursed +0 chain mail
 24463 | D:13     | Identified a +0 battleaxe
 24463 | D:13     | Identified a cursed +0 chain mail
 24483 | D:13     | Identified a +0 scimitar
 24483 | D:13     | Identified a +0 plate armour
 24494 | D:13     | Found an opulent altar of Gozag.
 24496 | D:13     | Found a runed translucent gate.
 24496 | D:13     | Found a runed translucent gate.
 24496 | D:13     | Found a runed translucent gate.
 24497 | D:13     | Identified a +0 giant club
 24497 | D:13     | Noticed meepyknight's ghost (journeyman GrFi)
 24498 | D:13     | Identified a +0 dagger
 24549 | D:13     | Identified a +0 troll leather armour
 24647 | D:13     | Reached skill level 3 in Dodging
 24836 | D:13     | Identified a +2 dagger of venom
 24836 | D:13     | Identified a +0 robe
 24836 | D:13     | Identified a +0 short sword
 24836 | D:13     | Identified a +0 short sword
 24838 | D:13     | Identified a +0 whip
 24838 | D:13     | Identified a +0 leather armour
 24842 | D:13     | Received a gift from Trog
 24959 | D:13     | Identified a +0 shortbow
 25010 | D:13     | Found Zaukuc's Gadget Emporium.
 25018 | D:13     | Identified an amulet of reflection (You found it on level
                  | 13 of the Dungeon)
 25080 | D:13     | Found Ivanub's Assorted Antiques.
 25255 | D:14     | Identified a +0 troll leather armour
 25351 | D:14     | Reached skill level 4 in Dodging
 25386 | D:14     | Found a transporter.
 25387 | D:14     | Found a transporter.
 25387 | D:14     | Noticed Jivymy's ghost (journeyman DgFi)
 25387 | D:14     | Identified a +0 dagger
 25387 | D:14     | Identified a +0 robe
 25387 | D:14     | Identified a +0 shortbow
 25388 | D:14     | Identified a +0 long sword
 25388 | D:14     | Identified a +0 chain mail
 25388 | D:14     | Identified a +0 bardiche
 25388 | D:14     | Identified a +2 ring mail of cold resistance
 25388 | D:14     | Noticed a tengu reaver
 25405 | D:14     | Identified a +0 short sword
 25405 | D:14     | Identified a +0 longbow
 25405 | D:14     | Identified a +0 leather armour
 25501 | D:14     | Found a gate to the Vaults.
 25501 | D:14     | Identified a +0 morningstar
 25501 | D:14     | Identified a +0 leather armour
 25613 | D:14     | Identified a +0 giant club
 25621 | D:14     | Identified +0 fire dragon scales
 25621 | D:14     | Reached skill level 16 in Bows
 25684 | D:14     | Identified a +0 mace
 25684 | D:14     | Identified a +0 plate armour
 25882 | D:14     | Identified +0 acid dragon scales
 25887 | D:14     | Identified a +0 shortbow
 26014 | D:14     | Identified a +0 shortbow
 26037 | D:14     | Identified a +0 glaive
 26037 | D:14     | Identified a +0 chain mail
 26137 | D:14     | Reached skill level 5 in Dodging
 26576 | D:15     | Entered Level 15 of the Dungeon
 26593 | D:15     | HP: 31/141 [white ugly thing (23)]
 26600 | D:14     | HP: 41/211 [white ugly thing (7)]
 26988 | D:15     | Identified a +0 long sword
 26992 | D:15     | Identified a +0 hand axe
 26992 | D:15     | Identified a +0 leather armour
 26993 | D:15     | Found a flickering gateway to a bazaar.
 26998 | Bazaar   | Entered a bazaar
 27084 | Bazaar   | Found Elyerol's Magic Scroll Emporium.
 27099 | Bazaar   | Found Lobewueg's Book Shoppe.
 27114 | Bazaar   | Found Jittum's Gadget Emporium.
 27164 | D:15     | Identified a +0 shortbow
 27385 | D:15     | Identified a +0 war axe
 27385 | D:15     | Identified a +0 robe
 27388 | D:15     | Received a gift from Trog
 27395 | D:15     | Identified a +0 hand axe
 27395 | D:15     | Identified a +0 leather armour
 27401 | D:15     | Reached skill level 6 in Dodging
 27513 | D:15     | Identified a +0 shortbow
 27515 | D:15     | Identified a cursed -1 shortbow
 27516 | D:15     | Identified a +0 shortbow
 27517 | D:15     | Identified a +0 shortbow
 27521 | D:15     | Identified a +0 shortbow
 27523 | D:15     | Identified a +1 shortbow of freezing
 27553 | D:15     | Received a gift from Trog
 27825 | D:15     | Identified a +0 shortbow
 27845 | D:15     | Reached skill level 17 in Bows
 28249 | D:15     | Identified a +0 mace
 28308 | D:15     | Identified a +0 halberd
 28310 | D:15     | Identified a +0 long sword
 28313 | D:15     | Reached XP level 16. HP: 149/149 MP: 22/22
 28319 | D:15     | Identified a +1 dagger of protection
 28319 | D:15     | Identified a +0 robe
 28319 | D:15     | Identified a +0 dagger
 28319 | D:15     | Identified a +0 robe
 28324 | D:15     | Identified a +1 dagger of venom
 28324 | D:15     | Identified a +0 robe
 28356 | D:15     | Reached skill level 7 in Dodging
 28394 | D:15     | Found a staircase to the Depths.
 28627 | Spider:1 | Entered Level 1 of the Spider Nest
 28627 | Spider:1 | Noticed an entropy weaver
 28638 | Spider:1 | Killed an entropy weaver
 28894 | Spider:1 | Noticed an entropy weaver
 28903 | Spider:1 | Killed an entropy weaver
 29038 | Spider:1 | Identified a +3 scimitar of flaming
 29038 | Spider:1 | Noticed Azrael
 29046 | Spider:1 | Received a gift from Trog
 29056 | Spider:1 | Killed Azrael
 29061 | Spider:1 | Reached skill level 8 in Dodging
 29394 | Spider:1 | Noticed Aizul
 29408 | Spider:1 | Killed Aizul
 29967 | Spider:2 | Received a gift from Trog
 29967 | Spider:2 | Reached skill level 18 in Bows
 31245 | Spider:3 | Identified a +0 quarterstaff of crushing
 31245 | Spider:3 | Identified a +1 robe of fire resistance
 31245 | Spider:3 | Noticed Jorgrun
 31258 | Spider:3 | HP: 55/223 [redback (1)]
 31258 | Spider:3 | HP: 19/223 [wolf spider (12)]
 31259 | Spider:3 | Killed Jorgrun
 31259 | Spider:3 | Received a gift from Trog
 31259 | Spider:3 | HP: 5/223 [wolf spider (7)]
 31260 | Spider:3 | HP: 1/223 [poisoned by a wolf spider]
 31260 | Spider:3 | Mangled by a redback

Table legend:
 A = Turns spent in this place as a percentage of turns spent in the entire game.
 B = Non-inter-level travel turns spent in this place as a percentage of non-inter-level travel turns spent in the entire game.
 C = Inter-level travel turns spent in this place as a percentage of turns spent in this place.
 D = Turns resting spent in this place as a percentage of non-inter-level travel turns spent in this place.
 E = Turns spent auto-exploring this place as a percentage of non-inter-level travel turns spent in this place.
 F = Non-inter-level travel turns spent in this place divided by the number of levels of this place that you've seen.
                   A       B       C       D       E      F
               +-------+-------+-------+-------+-------+----------------------
         Total | 100.0 | 100.0 |   4.5 |   5.7 |  78.6 | 1029.2
       Dungeon |  53.5 |  53.3 |   5.0 |   3.1 |  81.7 | 1059.8
          Lair |  26.2 |  26.0 |   5.4 |   6.6 |  79.8 | 1293.7
   Spider Nest |   8.4 |   8.6 |   2.1 |   0.8 |  87.2 | 859.3
  Orcish Mines |   7.7 |   7.8 |   3.3 |  28.8 |  50.7 | 1163.0
        Bazaar |   0.4 |   0.5 |   0.0 |   0.0 |  97.8 | 138.0
       Volcano |   1.2 |   1.2 |   0.0 |   0.0 |  79.4 | 373.0
      Gauntlet |   2.5 |   2.6 |   0.0 |   0.3 |  53.7 | 773.0
               +-------+-------+-------+-------+-------+----------------------

Table legend:
 A = Kills in this place as a percentage of kills in entire the game.
 B = Kills by you in this place as a percentage of kills by you in the entire game.
 C = Kills by friends in this place as a percentage of kills by friends in the entire game.
 D = Other kills in this place as a percentage of other kills in the entire game.
 E = Experience gained in this place as a percentage of experience gained in the entire game.
 F = Experience gained in this place divided by the number of levels of this place that you have seen.
                   A       B       C       D       E      F
               +-------+-------+-------+-------+-------+----------------------
         Total | 100.0 | 100.0 | 100.0 |   N/A | 100.0 | 6567.8
       Dungeon |  52.1 |  52.4 |   0.0 |   N/A |  37.5 | 4758.8
          Lair |  18.5 |  18.1 |  80.0 |   N/A |  27.5 | 8731.2
   Spider Nest |  10.5 |  10.6 |   0.0 |   N/A |  17.7 | 11233.0
  Orcish Mines |  16.8 |  16.8 |  20.0 |   N/A |  11.4 | 10815.5
       Volcano |   0.7 |   0.7 |   0.0 |   N/A |   3.1 | 5824.0
      Gauntlet |   1.4 |   1.4 |   0.0 |   N/A |   2.9 | 5543.0
               +-------+-------+-------+-------+-------+----------------------

Skill      XL: |  1  2  3  4  5  6  7  8  9 10 11 12 13 14 15 16 |
---------------+-------------------------------------------------+-----
Maces & Flails | 4 5 6 7 8 9 10 12 14 | 14.0
Fighting       | 5 7 9 10 12 14 15 | 15.0
Armour         | 4 5 6 8 10 11 12 13 14 | 14.0
Evocations     | 1 4 6 7 9 10 | 10.0
Bows           | 5 11 14 17 18 | 18.8
Dodging        | 6 8 |  8.0

Action                   |  1- 3 |  4- 6 |  7- 9 | 10-12 | 13-15 | 16-18 || total
-------------------------+-------+-------+-------+-------+-------+-------++-------
Melee: Mace              |   101 |    96 |   253 |   214 |       |       ||   664
       Headbutt          |     9 |    24 |    70 |   130 |   120 |    11 ||   364
       Dagger            |       |    31 |    52 |       |       |       ||    83
       Unarmed           |       |       |     7 |       |       |       ||     7
       Morningstar       |       |       |       |   259 |       |       ||   259
       Great mace        |       |       |       |    14 |       |       ||    14
       Flail             |       |       |       |    43 |   484 |    48 ||   575
       Longbow           |       |       |       |       |     8 |       ||     8
 Fire: Longbow           |       |       |       |    39 |   616 |   218 ||   873
Throw: Javelin           |     4 |     1 |     3 |     9 |       |       ||    17
       Throwing net      |       |       |       |       |     1 |       ||     1
Invok: Trog's Hand       |       |     1 |       |     1 |     9 |     1 ||    12
       Berserk           |       |       |       |     3 |     3 |     1 ||     7
       Brothers in Arms  |       |       |       |       |     2 |       ||     2
Evoke: Wand              |       |       |     1 |       |     6 |       ||     7
       Phantom mirror    |       |       |       |       |     1 |       ||     1
  Use: Scroll            |       |       |    14 |     9 |    28 |       ||    51
       Potion            |       |       |       |     2 |     3 |     1 ||     6
 Stab: Distracted        |     1 |       |       |       |       |       ||     1
  Eat: Chunk             |     3 |     6 |    13 |    38 |    50 |    10 ||   120
       Ration            |       |       |     1 |     1 |       |       ||     2
Armor: Animal skin       |    22 |       |       |       |       |       ||    22
       Chain mail        |     1 |    21 |       |       |    84 |   109 ||   215
       Crystal plate arm |       |    55 |   260 |   562 |   512 |       ||  1389
       Skin              |       |       |     6 |       |       |       ||     6
Dodge: Dodged            |    85 |    29 |    72 |   206 |   229 |    90 ||   711
       Deflected         |       |       |       |       |    18 |       ||    18

Vanquished Creatures
  Jorgrun (Spider:3)
  Frances (D:12)
  Gastronok (D:11)
  An emperor scorpion (Spider:2)
  Aizul (Spider:1)
  2 orc warlords (Orc:2)
  A reaper (Gauntlet)
  An ironheart preserver (D:14)
  2 entropy weavers (Spider:1)
  A red draconian (Volcano)
  A minotaur (Gauntlet)
  Azrael (Spider:1)
  Snorg (D:11)
  A fire dragon (D:14)
  13 hydras
  A merfolk avatar (Lair:6)
  A catoblepas (D:13)
  An ice dragon (Lair:5)
  4 centaur warriors
  A death knight (D:14)
  An ogre mage (Volcano)
  6 two-headed ogres
  3 death yaks
  A fire crab (shapeshifter) (D:13)
  A fire crab (Gauntlet)
  3 orc high priests (Orc:2)
  A sea snake (Lair:6)
  2 unseen horrors
  2 wizards (D:15)
  A necromancer (D:15)
  A harpy (Lair:6)
  6 orc knights
  4 orb spiders (Spider:2)
  2 deep elf magi (D:15)
  3 cyclopes
  10 orc sorcerers
  21 ugly things
  9 wolf spiders
  Joseph (D:8)
  8 elephants
  4 manticores
  A moth of wrath (Gauntlet)
  5 centaur zombies
  7 black mambas
  A guardian serpent (D:13)
  A naga mage (D:15)
  A torpor snail (Spider:3)
  8 centaur skeletons
  6 rime drakes (Lair:6)
  2 gargoyles
  18 spiny frogs
  8 komodo dragons
  5 demonic crawlers
  A tengu conjurer (D:15)
  2 hellwings (Gauntlet)
  A meliai (shapeshifter) (D:13)
  Grinder (D:3)
  3 meliai (D:15)
  9 trolls
  9 jumping spiders
  6 polar bears
  8 blink frogs
  11 hippogriffs
  2 hornets
  6 dream sheep (Lair:6)
  4 slime creatures
  A meliai zombie (D:13)
  31 redbacks
  A centaur simulacrum (D:15)
  5 wyverns
  15 tarantellas
  3 wraiths
  32 yaks
  A vampire (D:15)
  3 basilisks
  3 fire bats (Gauntlet)
  3 fire elementals (Spider:1)
  4 hungry ghosts
  2 acid dragons
  5 wargs
  11 water moccasins
  4 hell hounds (Spider:1)
  A hornet zombie (D:6)
  3 porcupines
  4 ice beasts
  39 orc warriors
  A necrophage (D:9)
  A phantom (D:12)
  A black bear (D:8)
  6 sky beasts
  19 ogres
  3 wolves (Gauntlet)
  19 centaurs
  5 crocodiles
  3 big kobolds
  13 bullfrogs
  A wyvern zombie (D:11)
  5 scorpions
  A water moccasin skeleton (D:4)
  3 wyvern skeletons
  21 killer bees
  6 howler monkeys
  2 electric eels
  6 crimson imps
  A bullfrog zombie (D:11)
  A quasit (D:13)
  4 jellies
  27 orc priests
  2 hounds
  27 orc wizards
  A bullfrog skeleton (D:7)
  7 worker ants
  2 iguanas
  6 hell rats (Lair:5)
  A hound zombie (D:4)
  17 adders
  5 shadow imps
  2 white imps (Lair:5)
  An ooze (D:2)
  3 worms
  7 leopard geckos
  90 orcs
  6 giant cockroaches
  10 goblins
  8 hobgoblins
  13 jackals
  19 kobolds
  4 quokkas
  8 bats
  11 frilled lizards
  A quokka zombie (D:6)
  10 rats
834 creatures vanquished.

Vanquished Creatures (collateral kills)
  An elephant (Lair:5)
  A spiny frog (Lair:5)
  2 wyverns (Lair:5)
  An orc warrior (Orc:2)
5 creatures vanquished.

Vanquished Creatures (others)
  An orc warrior (Orc:2)
  18 fungi
  22 plants
  22 toadstools
63 creatures vanquished.

Grand Total: 902 creatures vanquished
